Map: Hecate LE

Players

MagicTurtle

  • Race: Zerg Zerg
  • League: Diamond
  • Spawn Location: 7:00

SubN - Winner!

  • Race: Zerg Zerg
  • League: Diamond
  • Spawn Location: 1:00

VOD

Have the link to the VOD?

Description

Time

  • Played on: Dec. 18, 2023, 4:35 p.m.
  • Length: 8:06
Show
View Real Time Build Order
Export as new Build Order

MagicTurtle Zerg 

Build Orders: Hatch First 

Get SALT Encoding   

  12  0:00  Drone  
  13  0:12  Overlord  
  13  0:16  Drone  
  14  0:31  Drone x2  
  16  0:38  Drone  
  17  0:53  Hatchery  
  17  0:56  Drone  
  17  0:59  Drone  
  18  1:10  Extractor  
  17  1:15  Spawning Pool  
  16  1:18  Drone  
  16  1:21  Drone  
  18  1:27  Drone  
  19  1:39  Overlord  
  19  1:50  Drone  
  20  2:00  Drone  
  21  2:01  Queen  
  21  2:05  Queen  
  25  2:09  Drone  
  26  2:17  Spine Crawler  
  26  2:18  Zergling x4  
  27  2:26  Zergling x2  
  27  2:28  Zergling x2  
  27  2:29  Metabolic Boost  
  29  2:36  Drone  
  30  2:43  Zergling x4  
  32  2:58  Evolution Chamber  
  31  2:59  Evolution Chamber  
  30  3:09  Evolution Chamber  
  29  3:13  Drone x7  
  36  3:20  Spine Crawler  
  36  3:23  Drone  
  36  3:26  Overlord  
  36  3:33  Extractor  
  35  3:39  Drone  
  36  3:42  Overlord  
  36  3:43  Overlord  
  36  3:52  Drone x6  
  42  3:56  Drone  
  43  4:03  Drone  
  43  4:08  Drone  
  45  4:19  Roach Warren  
  44  4:24  Zerg Melee Weapons Level 1  
  44  4:30  Extractor  
  43  4:36  Queen  
  43  4:38  Drone x6  
  51  4:44  Hatchery  
  50  4:49  Pneumatized Carapace  
  50  4:54  Overlord x3  
  50  4:59  Roach x2  
  54  5:01  Roach  
  56  5:12  Zerg Missile Weapons Level 1  
  56  5:13  Zergling x10  
  61  5:20  Overlord x2  
  61  5:38  Zergling x12  
  67  5:45  Lair  
  67  5:48  Roach x4  
  75  5:52  Roach  
  77  6:01  Roach x3  
  77  6:02  Roach  
  85  6:11  Queen  
  85  6:12  Drone x4  
  91  6:22  Roach x3  
  97  6:31  Drone  
  97  6:32  Overlord x2  
  98  6:33  Overlord  
  98  6:48  Extractor  
  98  6:52  Drone x8  
  98  6:53  Hydralisk Den  
  100  7:08  Roach x7  
  101  7:12  Zergling x2  
  94  7:21  Zergling x2  
  94  7:22  Zergling x2  
  92  7:23  Roach x2  
  92  7:24  Roach x2  
  92  7:26  Roach  
  92  7:28  Zergling x6  
  96  7:43  Roach  
  96  7:44  Roach x5  
Show
View Real Time Build Order
Export as new Build Order

SubN Zerg - Winner!

Build Orders: Pool First 

Get SALT Encoding   

  12  0:00  Drone  
  13  0:12  Overlord  
  13  0:18  Drone  
  14  0:30  Drone x2  
  16  0:41  Drone  
  17  0:43  Extractor  
  17  0:48  Drone  
  17  0:51  Spawning Pool  
  17  0:55  Drone  
  17  1:07  Drone  
  18  1:24  Drone, Hatchery  
  18  1:32  Drone  
  19  1:38  Queen  
  21  1:48  Metabolic Boost  
  21  1:52  Overlord  
  21  1:58  Zergling x2  
  22  2:13  Zergling x4  
  24  2:21  Queen  
  26  2:27  Drone  
  27  2:36  Drone  
  28  2:46  Hatchery  
  26  2:59  Queen  
  26  3:00  Queen  
  30  3:05  Drone x2  
  30  3:06  Drone  
  33  3:16  Drone x3  
  36  3:33  Roach Warren  
  35  3:34  Evolution Chamber  
  35  3:38  Evolution Chamber  
  33  3:46  Drone x3  
  36  3:51  Extractor  
  36  3:53  Extractor  
  34  4:00  Zerg Missile Weapons Level 1  
  34  4:03  Drone x7  
  34  4:09  Overlord  
  41  4:13  Overlord  
  41  4:27  Queen  
  41  4:29  Lair  
  41  4:30  Drone  
  44  4:32  Drone  
  44  4:35  Drone  
  44  4:36  Drone  
  47  4:45  Drone  
  47  4:46  Drone x3  
  47  4:47  Drone  
  52  4:54  Zerg Ground Armor Level 1  
  52  4:59  Overlord  
  52  5:02  Overlord  
  52  5:05  Drone  
  53  5:15  Drone x5  
  53  5:19  Overlord  
  53  5:21  Overlord  
  58  5:25  Drone x4  
  62  5:29  Glial Reconstitution, Extractor  
  61  5:37  Drone  
  61  5:40  Drone x6  
  68  5:52  Overlord  
  68  5:53  Overlord x3  
  68  6:05  Roach  
  68  6:06  Roach x4  
  78  6:16  Roach  
  78  6:17  Roach x5  
  90  6:24  Overlord x3  
  90  6:34  Overlord  
  90  6:35  Overlord x2  
  90  6:36  Roach x2  
  90  6:37  Roach  
  96  6:45  Roach x3  
  96  6:46  Roach x2  
  106  6:50  Roach x2  
  110  6:57  Roach x4  
  116  7:05  Roach x5  
  118  7:14  Roach x4  
  118  7:15  Roach  
  118  7:23  Zergling x6  
  118  7:28  Roach  
  118  7:29  Roach x5  
  133  7:36  Overlord x2  
Tags
 
Add a new tag
Caveats
  • Supply blocks, unpowered buildings, or Contaminate may cause inaccurate times.
  • Supply counts are checked every 10 seconds.